 Dungeon Crawl Stone Soup version 0.25.0-9-g26727b657a (webtiles) character file.

Game seed: 579993718675986958

1571 Infinimo the Cudgeler (level 9, -2/84 HPs)
             Began as a Kobold Berserker on June 19, 2020.
             Was an Elder of Trog.
             Slain by an orc warrior
             ... wielding a +0 trident
              (19 damage)
             ... on level 6 of the Dungeon.
             The game lasted 00:09:38 (8261 turns).

Infinimo the Cudgeler (Kobold Berserker)            Turns: 8261, Time: 00:09:38

Health: -2/84      AC:  4    Str: 18    XL:     9   Next: 13%
Magic:  9/9        EV: 19    Int:  8    God:    Trog [****..]
Gold:   177        SH:  0    Dex: 14    Spells: 8/8 levels left

rFire    . . .     SeeInvis .   a - +1 mace
rCold    . . .     Gourm    .   (shield restricted)
rNeg     . . .     Faith    .   b - +1 animal skin
rPois    .         Spirit   .   (no helmet)
rElec    .         Reflect  .   (no cloak)
rCorr    .         Harm     .   n - +0 pair of gloves
MR       .....                  (no boots)
Stlth    ..........             (no amulet)
HPRegen  0.24/turn              (no ring)
MPRegen  0.11/turn              (no ring)

@: berserking, very quick
A: small, carnivore
a: Berserk, Trog's Hand, Brothers in Arms, Renounce Religion


You were on level 6 of the Dungeon.
You worshipped Trog.
Trog was greatly pleased with you.
You were completely stuffed.

You visited 1 branch of the dungeon, and saw 6 of its levels.

You collected 177 gold pieces.

Inventory:

Hand Weapons
 a - a +1 mace (weapon)
Armour
 b - a +1 animal skin (worn)
 n - a +0 pair of gloves (worn)
Jewellery
 g - an uncursed amulet of guardian spirit {unknown}
 h - an uncursed ring of magical power {unknown}
 i - a cursed amulet of inaccuracy {unknown}
 l - an uncursed amulet of faith {unknown}
 q - an uncursed ring of wizardry {unknown}
Wands
 o - a wand of random effects (19)
 p - a wand of flame (16)
Scrolls
 e - a scroll of enchant weapon
 f - 4 scrolls of remove curse
 j - 2 scrolls of identify
 k - a scroll of magic mapping
 m - a scroll of amnesia {unknown}
 x - a scroll of enchant armour
Potions
 r - a potion of stabbing
 t - a potion of brilliance
 u - a potion of cancellation
Comestibles
 c - 8 rations
 d - a chunk of flesh


   Skills:
 + Level 6.7 Fighting
 * Level 7.6 Maces & Flails
 - Level 1.5 Armour
 + Level 6.9 Dodging


You had 8 spell levels left.
You didn't know any spells.
Your spell library was empty.

Dungeon Overview and Level Annotations

Branches:
Dungeon (6/15)             Temple (0/1) D:4

Altars:
Dithmenos
Kikubaaqudgha
Okawaru

Annotations:
D:6 2 runed translucent doors


Innate Abilities, Weirdness & Mutations

You are small and have problems with some larger weapons.
You are carnivorous and can eat meat at any time.


Message History

You are too injured to fight recklessly!
You are too injured to fight recklessly!
You are too injured to fight recklessly!
You are too injured to fight recklessly!
You are too injured to fight recklessly!
You are too injured to fight recklessly!
You are too injured to fight recklessly!
You are too injured to fight recklessly!
You sock the crimson imp!
The crimson imp is heavily wounded.
The crimson imp blinks!
The orc warrior barely misses you.
The crimson imp blinks!
You barely miss the orc warrior.
The orc warrior hits you with a +0 trident!
* * * LOW HITPOINT WARNING * * *
The crimson imp completely misses you.
You bludgeon the orc warrior!!
The orc warrior is severely wounded.
The orc warrior hits you with a +0 trident!!
You die...

#.......#
#######.#
#.########
#.........
##........ #
#..######
#.####.##....##
###....#.#.####5#
.........#..#.#@#
..##++##.÷.#.##o#
#8. #######.§#
#8. ...## .#|
#### .# .


You could see an orc warrior and a crimson imp.

Vanquished Creatures
  An ice beast (D:6)
  2 ogres (D:4)
  2 centaurs (D:5)
  A bullfrog (D:6)
  A scorpion (D:4)
  A water moccasin skeleton (D:6)
  2 bullfrog zombies
  A centaur zombie (D:4)
  3 crimson imps (D:5)
  A hound (D:3)
  2 orc priests (D:5)
  A bullfrog skeleton (D:5)
  6 orc wizards
  2 iguanas
  3 worker ants (D:4)
  3 worker ant zombies
  11 gnolls
  9 adders
  A shadow imp (D:5)
  4 oozes
  An adder zombie (D:5)
  An adder skeleton (D:4)
  4 worms
  2 dart slugs
  A leopard gecko (D:1)
  21 orcs
  2 giant cockroaches
  10 goblins
  4 hobgoblins
  4 jackals
  10 kobolds
  A quokka (D:3)
  8 bats
  10 frilled lizards
  10 rats
146 creatures vanquished.

Vanquished Creatures (others)
  A quokka (D:6)
1 creature vanquished.

Grand Total: 147 creatures vanquished

Notes
Turn   | Place    | Note
-------+----------+-------------------------------------------
     0 | D:1      | Infinimo the Kobold Berserker began the quest for the Orb.
     0 | D:1      | Reached XP level 1. HP: 14/14 MP: 1/1
   180 | D:1      | Reached XP level 2. HP: 19/19 MP: 2/2
   181 | D:1      | Reached skill level 3 in Maces & Flails
   774 | D:1      | Reached XP level 3. HP: 23/23 MP: 3/3
  1221 | D:1      | Reached ** piety under Trog
  1390 | D:2      | Found an ancient bone altar of Kikubaaqudgha.
  1492 | D:2      | Reached XP level 4. HP: 25/29 MP: 4/4
  1805 | D:2      | Found an iron altar of Okawaru.
  2126 | D:2      | Reached XP level 5. HP: 12/33 MP: 5/5
  2359 | D:2      | Reached skill level 4 in Maces & Flails
  3722 | D:3      | Reached XP level 6. HP: 39/39 MP: 6/6
  3726 | D:3      | Reached *** piety under Trog
  4725 | D:4      | Reached skill level 5 in Maces & Flails
  4846 | D:4      | Reached XP level 7. HP: 21/44 MP: 7/7
  5197 | D:4      | Reached skill level 5 in Fighting
  5271 | D:4      | Reached skill level 5 in Dodging
  5917 | D:4      | Reached skill level 6 in Maces & Flails
  5917 | D:4      | Reached XP level 8. HP: 50/50 MP: 8/8
  6241 | D:4      | Found a staircase to the Ecumenical Temple.
  6562 | D:5      | Entered Level 5 of the Dungeon
  7000 | D:5      | Found a shadowy altar of Dithmenos.
  7004 | D:5      | Reached **** piety under Trog
  7592 | D:5      | Reached skill level 7 in Maces & Flails
  8043 | D:6      | Found a large runed translucent door.
  8043 | D:6      | Found a large runed translucent door.
  8062 | D:6      | Reached XP level 9. HP: 39/56 MP: 9/9
  8261 | D:6      | Slain by an orc warrior

Illustrated notes

Levels and vault maps discovered:
D:1:      heliophobic_arrival_henge, layout_loops_cross, minmay_pentomino_t2
D:2:      layout_basic, lemuel_crystal_altar, lemuel_crystal_altar
D:3:      layout_basic
D:4:      layout_basic, minmay_temple_entry_statues_fountains,
          minmay_fractal_squares_5
D:5:      layout_basic, nicolae_overflow_hidden_temple, first_ration,
          grunt_dithmenos_shadows
D:6:      kennysheep_orc_sif_temple, layout_basic,
          amethyst_overflow_temple_binary, elyvilon_altar_4,
          nicolae_tso_swordbearing_angel, chequers_mini_garden,
          minmay_hollow_rounded_squares

Skill      XL: |  1  2  3  4  5  6  7  8 |
---------------+-------------------------+-----
Maces & Flails | 3 4 5 6 7 |  7.6
Dodging        | 3 4 5 6 |  6.9
Fighting       | 4 5 6 |  6.7
Armour         | |  1.5

Action                   |  1- 3 |  4- 6 |  7- 9 || total
-------------------------+-------+-------+-------++-------
Melee: Mace              |   115 |   210 |   291 ||   616
Invok: Berserk           |     1 |    10 |    14 ||    25
  Use: Scroll            |       |    12 |     4 ||    16
       Potion            |       |     2 |     5 ||     7
 Stab: Sleeping          |     1 |     3 |     2 ||     6
  Eat: Chunk             |    11 |    19 |    25 ||    55
Armor: Animal skin       |    25 |    33 |    27 ||    85
Dodge: Dodged            |    99 |   170 |   255 ||   524
